 Dungeon Crawl Stone Soup version 0.27-a0-988-g25969acef8 (webtiles) character file.

Game seed: 12829864852361098508

434 siradein the Twirler (level 6, 0/44 HPs)
             Began as a Demonspawn Gladiator on Apr 15, 2021.
             Slain by a gnoll sergeant
             ... wielding a +0 trident
              (11 damage)
             ... on level 5 of the Dungeon.
             The game lasted 00:07:40 (3892 turns).

siradein the Twirler (Demonspawn Gladiator)         Turns: 3892, Time: 00:07:42

Health: 0/44       AC: 12    Str: 15    XL:     6   Next: 68%
Magic:  6/6        EV: 11    Int:  9    God:
Gold:   159        SH:  0    Dex: 16    Spells: 5/5 levels left

rFire    . . .     SeeInvis .   a - +0 quarterstaff
rCold    . . .     Faith    .   (shield currently unavailable)
rNeg     . . .     Spirit   .   o - +0 chain mail
rPois    .         Reflect  .   (helmet restricted)
rElec    .         Harm     .   j - +0 cloak
rCorr    .         Rampage  .   (no gloves)
Will     .....                  p - +0 pair of boots
Stlth    ..........             (no amulet)
HPRegen  0.14/turn              b - +4 ring of evasion
MPRegen  0.10/turn              (no ring)

@: no status effects
A: horns 2, icy blue scales 1, demonic magic 1
a: no special abilities


You were on level 5 of the Dungeon.
You visited 1 branch of the dungeon, and saw 5 of its levels.

You collected 159 gold pieces.

Inventory:

Hand Weapons
 a - a +0 quarterstaff (weapon)
 h - a +2 whip of electrocution
Missiles
 d - 2 throwing nets (quivered)
 m - 4 boomerangs
 n - 3 javelins
 q - 8 poisoned darts
Armour
 j - a +0 cloak (worn)
 l - a +0 kite shield
 o - a +0 chain mail (worn)
 p - a +0 pair of boots (worn)
Jewellery
 b - a +4 ring of evasion (left hand)
 t - an amulet of faith
Scrolls
 c - a scroll of brand weapon {unknown}
 e - a scroll of enchant armour {unknown}
 f - a scroll of teleportation {unknown}
 i - a scroll of blinking {unknown}
 k - 7 scrolls of identify {unknown}
 s - a scroll of vulnerability {unknown}
Potions
 g - a potion of resistance {unknown}
 r - a potion of lignification {unknown}
 u - a potion of degeneration {unknown}
 v - a potion of flight {unknown}
 w - 2 potions of curing {unknown}


   Skills:
 - Level 2.0 Fighting
 + Level 7.0 Staves
 - Level 1.7 Throwing
 - Level 2.6 Dodging


You had 5 spell levels left.
You didn't know any spells.
Your spell library was empty.

Dungeon Overview and Level Annotations

Branches:
Dungeon (4/15)
 Temple: D:4-7

Altars:
Sif Muna
Wu Jian
Zin

Shops:
D:4 *


Innate Abilities, Weirdness & Mutations

You have a pair of horns on your head.
You are partially covered in icy blue scales. (AC +2)
Spells you cast may paralyse adjacent enemies.


Message History

w - 2 glowing puce potions (gained 1)
You fall into a shaft and drop 1 floor!
The shaft crumbles and collapses.
A gnoll sergeant comes into view. It is wielding a +0 trident.
The gnoll sergeant shouts!
A gnoll sergeant comes into view. It is wielding a +0 trident.
The gnoll sergeant shouts!
A gnoll sergeant comes into view. It is wielding a +0 trident.
The gnoll sergeant shouts!
Blork the orc comes into view.
He is wielding a +0 war axe.
Blork the orc shouts!
Found 12 gold pieces, a whip and a polished demon blade.
You see here 11 gold pieces.
Press: ? - help, v - describe, . - travel, g - get item Item here: a polished demon blade.
The floor.
Throw: 3 throwing nets
Press: ? - help, Q - select action, (/) - cycle Shift-Dir - straight line, f - Blork the orc
Aim: Blork the orc, wielding a +0 war axe and wearing a +0 robe (64% to hit)
You throw a throwing net. The throwing net hits Blork the orc.
Blork the orc is caught in the net!
Blork the orc points at you and mumbles some strange words.
The puff of frost hits you!
Blork the orc struggles against the net.
You sock Blork the orc!
Blork the orc is moderately wounded.
You sock Blork the orc!
Blork the orc is heavily wounded.
The gnoll sergeant hits you from afar with a +0 trident!
You sock Blork the orc! You headbutt Blork the orc!
Blork the orc is almost dead.
Blork the orc struggles against the net.
The gnoll sergeant hits you from afar with a +0 trident. x2
You catch the helpless Blork the orc completely off-guard!
You hit Blork the orc.
You kill Blork the orc!
The gnoll sergeant hits you from afar with a +0 trident!
* * * LOW HITPOINT WARNING * * *
The gnoll sergeant hits you from afar with a +0 trident!
You die...

....... ...
...####
.........#
........#
###g...#
)#gg..#
#..###)...#
#......@..#
#.......$.#
#.......).#
###########


You could see 3 gnoll sergeants.

Vanquished Creatures
  2 ogres (D:4)
  Blork the orc (D:5)
  A bullfrog zombie (D:3)
  3 iguanas (D:4)
  7 adders
  A dart slug (D:1)
  9 orcs (D:4)
  6 bats
  5 endoplasms
  4 giant cockroaches
  7 goblins
  7 hobgoblins
  5 jackals
  4 kobolds
  5 quokkas
  14 ball pythons
  A ball python zombie (D:2)
  5 frilled lizards
  4 rats
91 creatures vanquished.

Notes
Turn   | Place    | Note
-------+----------+-------------------------------------------
     0 | D:1      | siradein the Demonspawn Gladiator began the quest for the
                  | Orb.
     0 | D:1      | Reached XP level 1. HP: 16/16 MP: 1/1
   140 | D:1      | Reached skill level 3 in Staves
   198 | D:1      | Gained mutation: You are partially covered in icy blue
                  | scales. (AC +2) [demonic ancestry]
   198 | D:1      | Reached XP level 2. HP: 13/22 MP: 2/2
   505 | D:1      | Found a faded altar of an unknown god.
   844 | D:1      | Reached XP level 3. HP: 25/27 MP: 3/3
  1322 | D:2      | Reached skill level 4 in Staves
  2297 | D:3      | Gained mutation: You have a pair of small horns on your
                  | head. [demonic ancestry]
  2297 | D:3      | Reached XP level 4. HP: 30/33 MP: 4/4
  2720 | D:4      | Noticed an ogre
  2739 | D:4      | Killed an ogre
  2740 | D:4      | Reached skill level 5 in Staves
  2740 | D:4      | Gained mutation: Spells you cast may paralyse adjacent
                  | enemies. [demonic ancestry]
  2740 | D:4      | Reached XP level 5. HP: 38/38 MP: 5/5
  2852 | D:4      | Noticed an ogre
  3002 | D:4      | Killed an ogre
  3003 | D:4      | Reached skill level 6 in Staves
  3003 | D:4      | Gained mutation: You have a pair of horns on your head.
                  | [demonic ancestry]
  3003 | D:4      | Reached XP level 6. HP: 24/44 MP: 6/6
  3266 | D:4      | Found a shimmering blue altar of Sif Muna.
  3273 | D:4      | Found an ornate altar of the Wu Jian Council.
  3418 | D:4      | Found Taunuam's Serpentskin Sales.
  3754 | D:4      | Reached skill level 7 in Staves
  3887 | D:4      | You fall into a shaft and drop 1 floor!
  3887 | D:5      | Entered Level 5 of the Dungeon
  3887 | D:5      | Noticed Blork the orc
  3892 | D:5      | Killed Blork the orc
  3892 | D:5      | Slain by a gnoll sergeant

Illustrated notes

Levels and vault maps discovered:
D:1:      dpeg_arrival_court, layout_rooms,
          shapermc_ecumenical_altar_totnotflames
D:2:      minmay_chambers_of_twos, layout_rooms, kennysheep_generic_room_8
D:3:      layout_basic
D:4:      layout_loops_ring, gammafunk_temple_overflow_forgotten,
          guppyfry_shop_venom
D:5:      cheibrodos_iron_armory, layout_basic, sword_in_stone,
          uniq_prince_ribbit1

Skill      XL: |  1  2  3  4  5  6 |
---------------+-------------------+-----
Staves         | 3 4 5 6 7 |  7.0
Fighting       | |  2.0
Throwing       | |  1.7
Dodging        | |  2.6

Action                   |  1- 3 |  4- 6 || total
-------------------------+-------+-------++-------
Melee: Quarterstaff      |    90 |    57 ||   147
       Whip              |    80 |    50 ||   130
       Headbutt          |       |    19 ||    19
Throw: Dart              |     1 |     8 ||     9
       Throwing net      |       |     1 ||     1
 Stab: Sleeping          |     1 |       ||     1
       Held in net/web   |       |     1 ||     1
Armor: Leather armour    |    45 |       ||    45
       Chain mail        |    33 |    36 ||    69
Dodge: Dodged            |    90 |    49 ||   139

Table legend: (Time is in decaauts)
 A = Elapsed time spent in this place.
 B = Non-inter-level travel time spent in this place.
 C = Inter-level travel time spent in this place.
 D = Time resting spent in this place.
 E = Time spent auto-exploring this place.
 F = Levels seen in this place.
 G = Mean time per level.
                   A        B        C        D        E       F      G
               +--------+--------+--------+--------+--------+-----+--------+
         Total |   3894 |   3787 |    107 |    109 |   2836 |   5 |  778.8 |
       Dungeon |   3894 |   3787 |    107 |    109 |   2836 |   5 |  778.8 |
               +--------+--------+--------+--------+--------+-----+--------+

Top non-repeatable levels by time:
     D:4: 1190 daAuts
     D:1: 1169 daAuts
     D:2: 767 daAuts
     D:3: 763 daAuts
     D:5: 4 daAuts
